 Dungeon Crawl Stone Soup version 0.29-a0-643-ga013cefcf8 (webtiles) character file.

Game seed: 10493082683311150576

59 YayAnonymity the Ruffian (level 4, -6/40 HPs)
             Began as a Ghoul Monk on June 20, 2022.
             Mangled by an orc
             ... wielding a +0 flail
              (7 damage)
             ... on level 2 of the Dungeon.
             The game lasted 00:01:54 (747 turns).

YayAnonymity the Ruffian (Ghoul Monk)                Turns: 747, Time: 00:01:54

Health: -6/40      AC:  8    Str: 16    XL:     4   Next: 3%
Magic:  3/3        EV:  7    Int:  5    God:
Gold:   40         SH:  0    Dex: 11    Spells: 3/3 levels left

rFire   . . .      SeeInvis .     - Unarmed
rCold   + . .      Faith    .   (no shield)
rNeg    + + +      Spirit   .   c - +0 chain mail
rPois   ∞          Reflect  .   (no helmet)
rElec   .          Harm     .   (no cloak)
rCorr   .          Rampage  .   (no gloves)
Will    .....                   (no boots)
Stlth   ..........              (no amulet)
HPRegen 0.00/turn               (no ring)
MPRegen 0.08/turn               (no ring)

@: inhibited regen
A: claws 1, cold resistance 1, negative energy resistance 3, inhibited
regeneration, torment resistance 2, devour on kill
a: no special abilities


You were on level 2 of the Dungeon.
You visited 1 branch of the dungeon, and saw 2 of its levels.

You collected 40 gold pieces.

Inventory:

Armour
 c - a +0 chain mail (worn)
Jewellery
 g - a ring of ice
 j - a ring of fire
Scrolls
 d - a scroll of silence {unknown}
 e - a scroll of identify {unknown}
 f - a scroll of fog {unknown}
 h - a scroll of blinking {unknown}
 i - a scroll of brand weapon {unknown}
Potions
 a - a potion of berserk rage {unknown}
 b - a potion of ambrosia


   Skills:
 + Level 3.8 Fighting
 + Level 1.1 Armour
 - Level 3.0 Dodging
 - Level 2.1 Stealth
 * Level 4.3 Unarmed Combat


You had 3 spell levels left.
You didn't know any spells.
Your spell library contained the following spells:

 Spells                   Type           Power      Damage    Failure   Level
 Ignite Poison            Fire/Tmut/Pois 0%         N/A       100%        3
 Mephitic Cloud           Conj/Pois/Air  0%         N/A       100%        3
 Freezing Cloud           Conj/Ice/Air   0%         6-21      100%        5


Dungeon Overview and Level Annotations

Branches:
Dungeon (2/15)

Altars:


Innate Abilities, Weirdness & Mutations

You are immune to poison.
You have sharp fingernails.
Your flesh is cold resistant. (rC+)
You are immune to negative energy. (rN+++)
You do not regenerate when monsters are visible.
You are immune to unholy pain and torment.
You thrive by killing the living.


Message History

You kill the adder!
Something hits you but does no damage.
You have reached level 4!
You closely miss the goblin. Something hits you but does no damage.
The goblin barely misses you.
You scratch the goblin.
The goblin is severely wounded.
The goblin barely misses you. Something hits you but does no damage.
You scratch the goblin.
You kill the goblin!
Something hits you.
You scratch the orc.
The orc is severely wounded.
The orc hits you but does no damage. Something hits you.
You scratch the orc but do no damage.
The orc is severely wounded.
You hear some strange, mumbled words.
A puff of flame appears from out of thin air!
The puff of flame hits you.
* * * LOW HITPOINT WARNING * * *
The orc hits you but does no damage.
You scratch the orc but do no damage.
The orc is severely wounded.
Something hits you but does no damage. The orc hits you but does no damage.
You barely miss the orc.
The orc is heavily wounded.
Something hits you.
* * * LOW HITPOINT WARNING * * *
The orc hits you with a +0 flail.
* * * LOW HITPOINT WARNING * * *
You closely miss the orc.
The orc is heavily wounded.
Something hits you but does no damage.
The orc wizard mumbles some strange words.
The orc wizard flickers and vanishes!
The orc barely misses you.
You scratch the orc but do no damage.
The orc is heavily wounded.
You closely miss something. Something hits you but does no damage.
The orc hits you with a +0 flail!
You die...

#.......###....♣♣..♣♣.
#.... ##♣♣.♣♣♣P♣P♣
#...# ###.♣.♣♣.♣..
#...## ###..♣♣♣.♣...#
#....# ##P.♣♣.♣P.....#
#....##♣P.♣.P♣.♣..).)#
#...o{#♣...♣..........
#####o#♣ ♣♣...♣...♣...
#@{#♣♣...PP♣P♣.♣..
##...♣.♣.♣♣§♣P♣♣.♣
#.♣..♣♣...♣§♣♣.♣.
#.♣.♣...♣♣§♣§♣P.P
#.....♣..♣.♣♣P♣PP
##.....P♣..♣♣.♣P.
##....♣♣P♣♣.♣...
#...♣PP♣♣ .P♣..
#......♣ .P♣P..


You could see 2 orcs.

Vanquished Creatures
  A gnoll (D:2)
  An adder (D:2)
  A dart slug (D:1)
  2 bats
  3 endoplasms
  A giant cockroach (D:1)
  8 goblins
  3 hobgoblins
  2 quokkas
  3 ball pythons
  3 frilled lizards (D:1)
  4 kobolds
  6 rats (D:1)
38 creatures vanquished.

Vanquished Creatures (others)
  15 plants (D:2)
15 creatures vanquished.

Grand Total: 53 creatures vanquished

Notes
Turn   | Place    | Note
-------+----------+-------------------------------------------
     0 | D:1      | YayAnonymity the Ghoul Monk began the quest for the Orb.
     0 | D:1      | Reached XP level 1. HP: 19/19 MP: 0/0
    19 | D:1      | You fall into a shaft and drop 1 floor!
    27 | D:2      | Noticed an orc wizard
    77 | D:2      | Noticed an orc wizard
   141 | D:1      | Reached XP level 2. HP: 26/26 MP: 1/1
   435 | D:1      | Reached XP level 3. HP: 31/31 MP: 2/2
   445 | D:1      | Found a faded altar of an unknown god.
   548 | D:2      | Reached skill level 4 in Unarmed Combat
   563 | D:2      | Reached skill level 1 in Armour
   738 | D:2      | Reached XP level 4. HP: 21/40 MP: 3/3
   744 | D:2      | HP: 1/40 [orc/+0 flail (2)]
   747 | D:2      | Mangled by an orc

Illustrated notes

Levels and vault maps discovered:
D:1:      roderic_crop_circles_arrival_small, layout_rooms,
          shapermc_ecumenical_altar_ellora
D:2:      wad_woods_settlement, layout_basic, serial_shops, shop,
          chequers_serial_rivers_small_a, minivault_27

Skill      XL: |  1  2  3 |
---------------+----------+-----
Dodging        | 3 |  3.0
Unarmed Combat | 4 |  4.3
Armour         | 1 |  1.1
Fighting       | |  3.8
Stealth        | |  2.1

Action                   |  1- 3 |  4- 6 || total
-------------------------+-------+-------++-------
Melee: Unarmed           |   106 |    10 ||   116
       Punch             |     3 |       ||     3
 Stab: Sleeping          |     3 |       ||     3
Armor: Chain mail        |    84 |     8 ||    92
       Robe              |     1 |       ||     1
Dodge: Dodged            |    46 |     3 ||    49

Table legend: (Time is in decaauts)
 A = Elapsed time spent in this place.
 B = Non-inter-level travel time spent in this place.
 C = Inter-level travel time spent in this place.
 D = Time resting spent in this place.
 E = Time spent auto-exploring this place.
 F = Levels seen in this place.
 G = Mean time per level.
                   A        B        C        D        E       F      G
               +--------+--------+--------+--------+--------+-----+--------+
         Total |    737 |    722 |     15 |      0 |    433 |   2 |  368.5 |
       Dungeon |    737 |    722 |     15 |      0 |    433 |   2 |  368.5 |
               +--------+--------+--------+--------+--------+-----+--------+

Top non-repeatable levels by time:
     D:1: 439 daAuts
     D:2: 297 daAuts
